 Dungeon Crawl Stone Soup version 0.29-a0-393-g47a863cc1b (webtiles) character file.

Game seed: 11078051843285939515

72 thiscave3701365 the Skirmisher (level 4, 0/61 HPs)
             Began as a Minotaur Berserker on May 10, 2022.
             Was a Believer of Trog.
             Slain by a gnoll
             ... wielding a +0 spear
              (4 damage)
             ... on level 2 of the Dungeon.
             The game lasted 00:00:56 (1542 turns).

thiscave3701365 the Skirmisher (Minotaur Berserker) Turns: 1542, Time: 00:00:57

Health: 0/61       AC:  2    Str: 24    XL:     4   Next: 7%
Magic:  3/3        EV: 12    Int:  4    God:    Trog [**....]
Gold:   35         SH:  0    Dex:  9    Spells: 3/3 levels left

rFire   . . .      SeeInvis .   a - +0 hand axe
rCold   . . .      Faith    .   (no shield)
rNeg    . . .      Spirit   .   b - +0 animal skin
rPois   .          Reflect  .   (helmet restricted)
rElec   .          Harm     .   (no cloak)
rCorr   .          Rampage  .   (no gloves)
Will    .....                   (no boots)
Stlth   ..........              (no amulet)
HPRegen 0.20/turn               (no ring)
MPRegen 0.08/turn               (no ring)

@: berserking, very quick
A: horns 2, retaliatory headbutt
a: Renounce Religion, Berserk, Trog's Hand


You were on level 2 of the Dungeon.
You worshipped Trog.
Trog was pleased with you.
You visited 1 branch of the dungeon, and saw 2 of its levels.

You collected 35 gold pieces.

Inventory:

Hand Weapons
 a - a +0 hand axe (weapon)
Armour
 b - a +0 animal skin (worn)
Scrolls
 e - 2 scrolls of identify
Potions
 d - a potion of magic


   Skills:
 + Level 4.3 Fighting
 + Level 4.3 Axes
 + Level 3.3 Armour
 + Level 3.0 Dodging


You had 3 spell levels left.
You didn't know any spells.
Your spell library was empty.

Dungeon Overview and Level Annotations

Branches:
Dungeon (2/15)

Altars:
Okawaru


Innate Abilities, Weirdness & Mutations

You have a pair of horns on your head.
You reflexively headbutt those who attack you in melee.


Message History

Unknown command.
Unknown command. 2 gnolls come into view.
The gnoll shouts!
Found an iron altar of Okawaru.
Unknown command.
You closely miss the gnoll. Your headbutt misses the gnoll.
The gnoll barely misses you. You furiously retaliate!
You headbutt the gnoll.
Unknown command.
You barely miss the gnoll.
The gnoll is moderately wounded.
The gnoll hits you but does no damage.
You hit the gnoll.
You headbutt the gnoll, but do no damage.
The gnoll is moderately wounded.
The gnoll hits you from afar with a +0 spear.
The gnoll hits you with a +0 whip. The gnoll misses you.
Unknown command.
You hit the gnoll. Your headbutt misses the gnoll.
The gnoll is severely wounded.
The gnoll barely misses you. The gnoll hits you with a +0 whip!
The gnoll misses you. The gnoll closely misses you.
The gnoll hits you with a +0 whip.
The gnoll hits you from afar with a +0 spear!
* * * LOW HITPOINT WARNING * * *
A red film seems to cover your vision as you go berserk!
You feel yourself moving faster!
You feel mighty!
The gnoll hits you from afar with a +0 spear.
* * * LOW HITPOINT WARNING * * *
The gnoll hits you with a +0 whip.
* * * LOW HITPOINT WARNING * * *
The gnoll closely misses you.
You are too injured to fight recklessly!
You closely miss the gnoll.
The gnoll is severely wounded.
You hit the gnoll.
You kill the gnoll!
Trog accepts your kill.
The gnoll hits you from afar with a +0 spear.
You die...

##.###.## #.# ##
#..)...# #.# #.
#.#)#### #.# #####.
#.#))#### .#
....#.####.......#
#..............#
#..............#
#.......#......#
#...@...#......#
#.g.)...#......#
.....g.....#......#
......#######......
...... .... ......
..... .._..


You could see 2 gnolls.

Vanquished Creatures
  Robin (D:2)
  A gnoll (D:2)
  An adder (D:2)
  A dart slug (D:1)
  7 endoplasms
  10 goblins
  4 hobgoblins
  4 jackals (D:1)
  A kobold (D:1)
  6 ball pythons
  6 bats (D:1)
  A frilled lizard (D:1)
  2 rats (D:1)
45 creatures vanquished.

Notes
Turn   | Place    | Note
-------+----------+-------------------------------------------
     0 | D:1      | thiscave3701365 the Minotaur Berserker began the quest for
                  | the Orb.
     0 | D:1      | Reached XP level 1. HP: 19/19 MP: 0/0
   180 | D:1      | Reached XP level 2. HP: 21/27 MP: 1/1
   755 | D:1      | Found a faded altar of an unknown god.
   949 | D:1      | Reached XP level 3. HP: 31/33 MP: 2/2
  1411 | D:2      | Noticed Robin
  1425 | D:2      | Reached ** piety under Trog
  1430 | D:2      | Killed Robin
  1431 | D:2      | Reached XP level 4. HP: 40/41 MP: 3/3
  1535 | D:2      | Found an iron altar of Okawaru.
  1540 | D:2      | HP: 3/61 [gnoll/+0 whip (1)]
  1542 | D:2      | Slain by a gnoll

Illustrated notes

Levels and vault maps discovered:
D:1:      nicolae_arrival_washed_ashore, layout_basic,
          ebering_ecumenical_altar_webs
D:2:      layout_basic, basic_altar, kennysheep_generic_room_10, uniq_robin

Skill      XL: |  1  2  3 |
---------------+----------+-----
Fighting       | 4 |  4.3
Axes           | 4 |  4.3
Armour         | 3 |  3.3
Dodging        | 3 |  3.0

Action                   |  1- 3 |  4- 6 || total
-------------------------+-------+-------++-------
Melee: Hand axe          |    64 |     8 ||    72
       Headbutt          |     7 |     2 ||     9
       Punch             |     1 |       ||     1
Invok: Berserk           |     2 |     1 ||     3
  Use: Scroll            |     4 |       ||     4
Armor: Animal skin       |    17 |     1 ||    18
Dodge: Dodged            |    55 |     7 ||    62

Table legend: (Time is in decaauts)
 A = Elapsed time spent in this place.
 B = Non-inter-level travel time spent in this place.
 C = Inter-level travel time spent in this place.
 D = Time resting spent in this place.
 E = Time spent auto-exploring this place.
 F = Levels seen in this place.
 G = Mean time per level.
                   A        B        C        D        E       F      G
               +--------+--------+--------+--------+--------+-----+--------+
         Total |   1561 |   1558 |      3 |    342 |   1044 |   2 |  780.5 |
       Dungeon |   1561 |   1558 |      3 |    342 |   1044 |   2 |  780.5 |
               +--------+--------+--------+--------+--------+-----+--------+

Top non-repeatable levels by time:
     D:1: 1294 daAuts
     D:2: 267 daAuts
